TOP OF THE 1ST |
Austin River Sharks batting - Pitching for Fresno Deplorables : RHP Dionisio Penni
|
Pitching: RHP Dionisio Penni
|
|
Batting: RHB Todd Bryant
|
0-0: Called Strike 0-1: Ball 1-1: Swinging Strike 1-2: Foul Ball, location: 2F 1-2: Ball 2-2: Ball 3-2: Base on Balls
|
Batting: RHB Richard Coker
|
0-0: Ball 1-0: Swinging Strike 1-1: Called Strike 1-2: Strikes out swinging
|
Batting: RHB Pedro Guzmán
|
0-0: SINGLE (Line Drive, 5D) Todd Bryant to second
|
Batting: LHB Harry Pitts
|
0-0: Ball 1-0: Grounds into double play, 1-6-3 (Groundball, 13)
|
Top of the 1st over - 0 run(s), 1 hit(s), 0 error(s), 1 left on base; Austin 0 - Fresno 0 |
BOTTOM OF THE 1ST |
Fresno Deplorables batting - Pitching for Austin River Sharks : RHP Troy Lynn
|
Pitching: RHP Troy Lynn
|
|
Batting: RHB Jared Thompson
|
0-0: Called Strike 0-1: Ball 1-1: Ball 2-1: Ball 3-1: Called Strike 3-2: Ground out 1-3 (Groundball, 15S)
|
Batting: LHB Paul Mullins
|
0-0: Foul Ball, location: 2F 0-1: Ball 1-1: Foul Ball, location: 2F 1-2: Foul Ball, location: 2F 1-2: SINGLE (Groundball, 3D)
|
Batting: LHB Jeff Daniels
|
0-0: Called Strike 0-1: Fly out, F7 (Flyball, 78S)
|
Batting: RHB Paco Arellano
|
0-0: Foul Ball, location: 2F 0-1: Ball 1-1: Ball 2-1: Ball 3-1: Base on Balls Paul Mullins to second
|
Batting: RHB António Zúñiga
|
0-0: Fly out, F5 (Line Drive, 5D)
|
Bottom of the 1st over - 0 run(s), 1 hit(s), 0 error(s), 2 left on base; Austin 0 - Fresno 0 |
TOP OF THE 2ND |
Austin River Sharks batting - Pitching for Fresno Deplorables : RHP Dionisio Penni
|
Batting: RHB Manny Copriviza
|
0-0: Fly out, F8 (Flyball, 78M)
|
Batting: LHB José Liñares
|
0-0: Called Strike 0-1: Ball 1-1: Swinging Strike 1-2: Ball 2-2: Strikes out looking
|
Batting: LHB Enrico Vargas
|
0-0: Called Strike 0-1: Foul Ball, location: 2F 0-2: Fly out, F3 (Line Drive, 34)
|
Top of the 2nd over - 0 run(s), 0 hit(s), 0 error(s), 0 left on base; Austin 0 - Fresno 0 |
BOTTOM OF THE 2ND |
Fresno Deplorables batting - Pitching for Austin River Sharks : RHP Troy Lynn
|
Batting: RHB Gabriel Miranda
|
0-0: Called Strike 0-1: Fly out, F8 (Flyball, 8LS)
|
Batting: RHB Peter Hensley
|
0-0: Swinging Strike 0-1: SINGLE (Groundball, 56D)
|
Batting: RHB Robert Bly
|
0-0: Called Strike 0-1: Ground out 6-3 (Groundball, 6) Peter Hensley to second
|
Batting: RHB Jesús Gutiérrez
|
0-0: Ball 1-0: Swinging Strike 1-1: Ground out 5-3 (Groundball, 56)
|
Bottom of the 2nd over - 0 run(s), 1 hit(s), 0 error(s), 1 left on base; Austin 0 - Fresno 0 |
TOP OF THE 3RD |
Austin River Sharks batting - Pitching for Fresno Deplorables : RHP Dionisio Penni
|
Batting: RHB Dexter Potter
|
0-0: Fly out, F9 (Flyball, 89M)
|
Batting: LHB Greg Nelson
|
0-0: Called Strike 0-1: SINGLE (Groundball, 56D)
|
Batting: RHB Todd Bryant
|
0-0: Foul Ball, location: 2F 0-1: Ball 1-1: Ball 2-1: Ball 3-1: Foul Ball, location: 2F 3-2: Strikes out looking
|
Batting: RHB Richard Coker
|
0-0: Ball 1-0: Ball 2-0: Called Strike 2-1: Called Strike 2-2: Ball 3-2: SINGLE (Groundball, 4MD) Greg Nelson to second Greg Nelson to third
|
Batting: RHB Pedro Guzmán
|
0-0: Called Strike 0-1: Ball 1-1: Fly out, F9 (Flyball, 9LDF)
|
Top of the 3rd over - 0 run(s), 2 hit(s), 0 error(s), 2 left on base; Austin 0 - Fresno 0 |
BOTTOM OF THE 3RD |
Fresno Deplorables batting - Pitching for Austin River Sharks : RHP Troy Lynn
|
Batting: RHB Jared Thompson
|
0-0: Fly out, F5 (Popup, 5S)
|
Batting: LHB Paul Mullins
|
0-0: Swinging Strike 0-1: Foul Ball, location: 2F 0-2: Ball 1-2: Ball 2-2: SOLO HOME RUN (Flyball, 8LXD), Distance : 402 ft
|
Batting: LHB Jeff Daniels
|
0-0: Foul Ball, location: 2F 0-1: Ball 1-1: Ball 2-1: Swinging Strike 2-2: Ball 3-2: Fly out, F9 (Flyball, 9LSF)
|
Batting: RHB Paco Arellano
|
0-0: Called Strike 0-1: Ball 1-1: Foul Ball, location: 2F 1-2: Ground out 6-3 (Groundball, 6)
|
Bottom of the 3rd over - 1 run(s), 1 hit(s), 0 error(s), 0 left on base; Austin 0 - Fresno 1 |
TOP OF THE 4TH |
Austin River Sharks batting - Pitching for Fresno Deplorables : RHP Dionisio Penni
|
Batting: LHB Harry Pitts
|
0-0: Ball 1-0: Swinging Strike 1-1: Foul Ball, location: 2F 1-2: Ball 2-2: Foul Ball, location: 2F 2-2: Foul Ball, location: 2F 2-2: Foul Ball, location: 2F 2-2: Ball 3-2: Foul Ball, location: 2F 3-2: Strikes out swinging
|
Batting: RHB Manny Copriviza
|
0-0: Called Strike 0-1: Ball 1-1: Called Strike 1-2: Strikes out swinging
|
Batting: LHB José Liñares
|
0-0: Foul Ball, location: 2F 0-1: Swinging Strike 0-2: Ball 1-2: Foul Ball, location: 2F 1-2: Strikes out looking
|
Top of the 4th over - 0 run(s), 0 hit(s), 0 error(s), 0 left on base; Austin 0 - Fresno 1 |
BOTTOM OF THE 4TH |
Fresno Deplorables batting - Pitching for Austin River Sharks : RHP Troy Lynn
|
Batting: RHB António Zúñiga
|
0-0: SINGLE (Line Drive, 5D)
|
Batting: RHB Gabriel Miranda
|
0-0: Called Strike 0-1: SINGLE (Groundball, 34) (infield hit) António Zúñiga to second
|
Batting: RHB Peter Hensley
|
0-0: Ball 1-0: Foul Ball, location: 2F 1-1: Ball 2-1: Ball 3-1: SINGLE (Groundball, 6MD) António Zúñiga to third Gabriel Miranda to second Runner from 3rd tries for Home, throw and OUT!
|
Batting: RHB Robert Bly
|
0-0: Swinging Strike 0-1: Ball 1-1: Ball 2-1: Grounds into double play, 5-4-3 (Groundball, 56)
|
Bottom of the 4th over - 0 run(s), 3 hit(s), 0 error(s), 1 left on base; Austin 0 - Fresno 1 |
TOP OF THE 5TH |
Austin River Sharks batting - Pitching for Fresno Deplorables : RHP Dionisio Penni
|
Batting: LHB Enrico Vargas
|
0-0: SINGLE (Line Drive, 9LM)
|
Batting: RHB Dexter Potter
|
0-0: Ball 1-0: Ball 2-0: Swinging Strike 2-1: Swinging Strike 2-2: Fly out, F9 (Flyball, 89S)
|
Batting: LHB Greg Nelson
|
0-0: Ball 1-0: Called Strike 1-1: Swinging Strike 1-2: Foul Ball, location: 2F 1-2: Strikes out swinging
|
Batting: RHB Todd Bryant
|
0-0: Called Strike 0-1: Foul Ball, location: 2F 0-2: Strikes out swinging
|
Top of the 5th over - 0 run(s), 1 hit(s), 0 error(s), 1 left on base; Austin 0 - Fresno 1 |
BOTTOM OF THE 5TH |
Fresno Deplorables batting - Pitching for Austin River Sharks : RHP Troy Lynn
|
Batting: RHB Jesús Gutiérrez
|
0-0: Swinging Strike 0-1: Called Strike 0-2: Ground out 6-3 (Groundball, 6M)
|
Batting: RHB Jared Thompson
|
0-0: Ball 1-0: Called Strike 1-1: SINGLE (Line Drive, 8RS)
|
Batting: LHB Paul Mullins
|
0-0: Ball 1-0: Ball 2-0: Fly out, F8 (Flyball, 78M)
|
Batting: LHB Jeff Daniels
|
0-0: Called Strike 0-1: Ball 1-1: Fly out, F8 (Flyball, 8RM)
|
Bottom of the 5th over - 0 run(s), 1 hit(s), 0 error(s), 1 left on base; Austin 0 - Fresno 1 |
TOP OF THE 6TH |
Austin River Sharks batting - Pitching for Fresno Deplorables : RHP Dionisio Penni
|
Batting: RHB Richard Coker
|
0-0: Ball 1-0: Foul Ball, location: 2F 1-1: Ball 2-1: Ground out 4-3 (Groundball, 4)
|
Batting: RHB Pedro Guzmán
|
0-0: DOUBLE (Line Drive, 78D)
|
Batting: LHB Harry Pitts
|
0-0: Ball 1-0: Called Strike 1-1: Ball 2-1: Foul Ball, location: 2F 2-2: Ground out 4-3 (Groundball, 4M) Pedro Guzmán to third
|
Batting: RHB Manny Copriviza
|
0-0: Ball 1-0: Ball 2-0: Called Strike 2-1: Ball 3-1: Ground out 6-3 (Groundball, 6)
|
Top of the 6th over - 0 run(s), 1 hit(s), 0 error(s), 1 left on base; Austin 0 - Fresno 1 |
BOTTOM OF THE 6TH |
Fresno Deplorables batting - Pitching for Austin River Sharks : RHP Troy Lynn
|
Batting: RHB Paco Arellano
|
0-0: Foul Ball, location: 2F 0-1: Ball 1-1: Called Strike 1-2: Ball 2-2: Fly out, F6 (Flyball, 6D)
|
Batting: RHB António Zúñiga
|
0-0: Ball 1-0: Ground out 4-3 (Groundball, 4)
|
Batting: RHB Gabriel Miranda
|
0-0: SINGLE (Groundball, 5S) (infield hit)
|
Batting: RHB Peter Hensley
|
0-0: Ball 1-0: Ball 2-0: Ground out 1-3 (Groundball, 13)
|
Bottom of the 6th over - 0 run(s), 1 hit(s), 0 error(s), 1 left on base; Austin 0 - Fresno 1 |
TOP OF THE 7TH |
Austin River Sharks batting - Pitching for Fresno Deplorables : RHP Dionisio Penni
|
Batting: LHB José Liñares
|
0-0: Ball 1-0: Called Strike 1-1: Swinging Strike 1-2: Foul Ball, location: 2F 1-2: Ball 2-2: Ball 3-2: Strikes out looking
|
Batting: LHB Enrico Vargas
|
0-0: Called Strike 0-1: Ball 1-1: Ground out U3 (Groundball, 3)
|
Batting: RHB Dexter Potter
|
0-0: Swinging Strike 0-1: Foul Ball, location: 2F 0-2: Strikes out swinging
|
Top of the 7th over - 0 run(s), 0 hit(s), 0 error(s), 0 left on base; Austin 0 - Fresno 1 |
BOTTOM OF THE 7TH |
Fresno Deplorables batting - Pitching for Austin River Sharks : RHP Troy Lynn
|
Batting: RHB Robert Bly
|
0-0: Called Strike 0-1: Ball 1-1: Ground out 6-3 (Groundball, 56)
|
Batting: RHB Jesús Gutiérrez
|
0-0: Ball 1-0: Ball 2-0: Ball 3-0: Called Strike 3-1: SINGLE (Groundball, 34D)
|
Batting: RHB Jared Thompson
|
0-0: Ball 1-0: SINGLE (Flyball, 3D) Jesús Gutiérrez to second Runner from 2nd tries for 3rd, SAFE, no throw
|
Batting: LHB Paul Mullins
|
0-0: Foul Ball, location: 2F 0-1: Called Strike Jared Thompson steals 2nd base 0-2: Ball 1-2: SINGLE (Line Drive, 34D) Jesús Gutiérrez scores Jared Thompson to third
|
Batting: LHB Jeff Daniels
|
0-0: Ball 1-0: Called Strike 1-1: Called Strike 1-2: Grounds into double play, 1-6-3 (Groundball, 13S)
|
Bottom of the 7th over - 1 run(s), 3 hit(s), 0 error(s), 1 left on base; Austin 0 - Fresno 2 |
TOP OF THE 8TH |
Austin River Sharks batting - Pitching for Fresno Deplorables : RHP Dionisio Penni
|
Pitching: RHP César Menéndez
|
|
Batting: LHB Greg Nelson
|
0-0: Called Strike 0-1: Ball 1-1: Fly out, F7 (Line Drive, 78M)
|
Batting: RHB Todd Bryant
|
0-0: Ball 1-0: Swinging Strike 1-1: Ball 2-1: Foul Ball, location: 2F 2-2: SINGLE (Groundball, 56D)
|
Batting: RHB Richard Coker
|
0-0: Foul Ball, location: 2F 0-1: Ball 1-1: Swinging Strike 1-2: Strikes out swinging
|
Batting: RHB Pedro Guzmán
|
0-0: Foul Ball, location: 2F 0-1: Foul Ball, location: 2F 0-2: Foul Ball, location: 2F 0-2: Foul Ball, location: 2F 0-2: Ball 1-2: Ball 2-2: SINGLE (Groundball, 34D) Todd Bryant to second Runner from 2nd tries for 3rd, OUT!
|
Top of the 8th over - 0 run(s), 2 hit(s), 0 error(s), 1 left on base; Austin 0 - Fresno 2 |
BOTTOM OF THE 8TH |
Fresno Deplorables batting - Pitching for Austin River Sharks : RHP Troy Lynn
|
Pitching: RHP Jean Burrows
|
|
Batting: RHB Paco Arellano
|
0-0: Ball 1-0: Ball 2-0: Foul Ball, location: 2F 2-1: Ball 3-1: SOLO HOME RUN (Flyball, 7LD), Distance : 454 ft
|
Batting: RHB António Zúñiga
|
0-0: SINGLE (Line Drive, 4MD)
|
Batting: RHB Gabriel Miranda
|
0-0: Ball 1-0: Ball 2-0: Foul Ball, location: 2F 2-1: SINGLE (Groundball, 4) (infield hit) António Zúñiga to second
|
Batting: RHB Peter Hensley
|
0-0: Called Strike 0-1: Bunted foul 0-2: Ball 1-2: Ball 2-2: Strikes out looking
|
Batting: RHB Robert Bly
|
0-0: Ground out 5-3 (Groundball, 56S) António Zúñiga to third Gabriel Miranda to second
|
Batting: RHB Jesús Gutiérrez
|
0-0: Ground out 1-3 (Groundball, 15S)
|
Bottom of the 8th over - 1 run(s), 3 hit(s), 0 error(s), 2 left on base; Austin 0 - Fresno 3 |
TOP OF THE 9TH |
Austin River Sharks batting - Pitching for Fresno Deplorables : RHP César Menéndez
|
Pitching: LHP Valentín Reséndez
|
|
Batting: LHB Harry Pitts
|
0-0: Ball 1-0: Foul Ball, location: 2F 1-1: Foul Ball, location: 2F 1-2: Strikes out looking
|
Batting: RHB Manny Copriviza
|
0-0: Ball 1-0: Ball 2-0: Ball 3-0: Base on Balls
|
Batting: LHB José Liñares
|
0-0: Fielders Choice at 2nd, 1-4 (Groundball, 15S)
|
Batting: LHB Enrico Vargas
|
0-0: Foul Ball, location: 2F 0-1: Ball 1-1: Ball 2-1: Fielders Choice at 2nd, 4-6 (Groundball, 4)
|
Top of the 9th over - 0 run(s), 0 hit(s), 0 error(s), 0 left on base; Austin 0 - Fresno 3 |
|